Cogmind - Beta 15 @@@ ROGUE MODE // 2025.05.26 @ 17:38:14 // Winter2019/RPGLIKE Player: Jack Result: Self-destructed Performance ------------- Evolutions (3) 1500 Regions Visited (6) 1200 Robots Destroyed (30) 150 Value Destroyed (829) 829 Prototype IDs (23) 460 Alien Tech Used (0) 0 Bonus (300) 300 TOTAL SCORE: 4439 Bonus ------- Aligned with FarCom 300 Cogmind --------- Core Integrity 185/600 Matter 280/300 Energy 99/100 System Corruption 0% Temperature Cool (0) Movement Core (50) Location -7/Factory Parts ------- > --- POWER (1) -------- (None) > --- PROPULSION (2) --- (None) > --- UTILITY (1) ------ Hacking Suite > --- WEAPON (2) ------- Arc Projector > --- INVENTORY (1) ---- Superbattery (1500) Peak State ------------ > --- POWER ------------ (None) > --- PROPULSION ------- (None) > --- UTILITY ---------- Hacking Suite > --- WEAPON ----------- Arc Projector High-powered Shotgun > --- INVENTORY -------- Superbattery [Rating: 11] Favorites ----------- Power Ion Engine Engine Ion Engine Propulsion Wheel Wheel Wheel Flight Unit Flight Unit Utility Backup Plating I Hackware Hacking Suite Protection Backup Plating I Weapon Light Cannon Energy Gun Small Laser Ballistic Gun Assault Rifle Ballistic Cannon Light Cannon Build | -11 -10 -10 -10 -9 -8 -7 ------- Run | Yrd Mat Min Exi Min Mat Fac Slots Evolved 2 | 2 . . . . . . Power . | . . . . . . . Propulsion 1 | 1 . . . . . . Utility . | . . . . . . . Weapon 1 | 1 . . . . . . Parts Attached 17 | 5 3 1 . 5 1 2 Power 2 | 1 . . . 1 . . Engine 2 | 1 . . . 1 . . Core . | . . . . . . . Reactor . | . . . . . . . Propulsion 4 | 2 . . . 2 . . Treads . | . . . . . . . Leg . | . . . . . . . Wheel 2 | 2 . . . . . . Hover . | . . . . . . . Flight 2 | . . . . 2 . . Utility 1 | . . . . . . 1 Device . | . . . . . . . Storage . | . . . . . . . Processor . | . . . . . . . Hackware 1 | . . . . . . 1 Protection . | . . . . . . . Artifact . | . . . . . . . Weapon 10 | 2 3 1 . 2 1 1 Energy Gun 2 | . . 1 . . . 1 Energy Cannon . | . . . . . . . Ballistic Gun 6 | 2 1 . . 2 1 . Ballistic Cannon 2 | . 2 . . . . . Launcher . | . . . . . . . Special Weapon . | . . . . . . . Impact Weapon . | . . . . . . . Slashing Weapon . | . . . . . . . Piercing Weapon . | . . . . . . . Special Melee Weapon . | . . . . . . . Unidentified Prototypes . | . . . . . . . Parts Lost 3 | . 1 . . . 2 . Power . | . . . . . . . Propulsion 2 | . . . . . 2 . Utility 1 | . 1 . . . . . Weapon . | . . . . . . . Highest Loss Streak 1 | . 1 . . . 1 . To Critical Strikes . | . . . . . . . Average Backups . | . . . . 1 1 1 Power . | . . . . . . . Propulsion . | . . . . . . . Utility . | . . . . 1 1 1 Weapon . | . . . . . . . Tool/Special . | . . . . . . . Unused Backups 1 | . . . . . . 1 Power . | . . . . . . . Propulsion . | . . . . . . . Utility 1 | . . . . . . 1 Weapon . | . . . . . . . Tool/Special . | . . . . . . . Average Slot Usage (%) 62 | . 86 33 33 56 49 27 Engine 9 | . 16 1 . 3 4 . Wheel 16 | . 33 3 . . . . Flight 3 | . . . . 19 13 . Protection 1 | . 3 . . . . . Energy Gun 3 | . . 11 16 9 . 8 Ballistic Gun 13 | . 4 16 16 22 31 9 Ballistic Cannon 13 | . 27 . . . . . Peak Build Rating 11 | 5 6 4 3 6 6 11 Average Rating 4 | 3 5 1 2 4 5 6 On Entrance 3 | . 5 4 2 3 6 4 Naked Turns . | . . . . . . . Heaviest Build 12 | 9 12 7 3 5 5 4 Greatest Support 26 | 26 26 26 3 8 8 8 Greatest Overweight (x) 1 | 1 . . . . 1 1 Average Overweight (x) . | . . . . . . . Largest Inventory Capacity 1 | . . . 1 1 1 1 Average Capacity . | . . . . 1 1 1 Most Carried 1 | . . . 1 1 1 1 Average Carried . | . . . . 1 1 1 Final Capacity 1 | . . . 1 1 1 1 Final Carried 1 | . . . 1 1 1 1 Class Distribution -------------------- 95% | Hacker-Mutant 4% | Mutant Dominant Class ---------------- Hacker-Mutant | -10/Materials Hacker-Mutant | -10/Mines Hacker-Mutant | -10/Exiles Hacker-Mutant | -9/Mines Hacker-Mutant | -8/Materials Hacker-Mutant | -7/Factory Resources | -11 -10 -10 -10 -9 -8 -7 ----------- Run | Yrd Mat Min Exi Min Mat Fac Matter Collected 926 | 213 214 292 . 62 145 . Remotely . | . . . . . . . Salvage Created 779 | . 235 184 . 87 273 . Parts 59 | . 14 16 . 11 18 . Haulers Intercepted 1 | . 1 . . . . . Recyclers Shooed 1 | . 1 . . . . . Parts Field Recycled . | . . . . . . . Retrieved Matter . | . . . . . . . Parts Self-Destructed . | . . . . . . . Prevented . | . . . . . . . Kills | -11 -10 -10 -10 -9 -8 -7 ------- Run | Yrd Mat Min Exi Min Mat Fac Combat Hostiles Destroyed 24 | . 7 4 . 4 9 . Guns 17 | . . 4 . 4 9 . Cannons 7 | . 7 . . . . . Classes Destroyed 8 | . 5 . . . 3 . Hauler 1 | . 1 . . . . . Recycler 1 | . 1 . . . . . Operator 1 | . 1 . . . . . Swarmer 7 | . 3 . . 4 . . Grunt 15 | . 4 7 . . 4 . Brawler 1 | . . . . . 1 . Sentry 3 | . . . . . 3 . Hunter 1 | . . . . . 1 . Best Kill Streak 5 | . 5 2 . 4 3 . Combat Bots Only 5 | . 5 2 . 4 3 . Max Kills in Single Turn 2 | . 2 1 . 2 1 . Gunslinging 1 | . . . . 1 . . Exploded . | . . . . . . . Melee . | . . . . . . . Uniques/NPCs Destroyed . | . . . . . . . Combat | -11 -10 -10 -10 -9 -8 -7 -------- Run | Yrd Mat Min Exi Min Mat Fac Hostile Shots Fired 190 | . 73 23 . 13 75 6 Missed 45 | . 13 6 . 3 19 4 Hits 145 | . 60 17 . 10 56 2 Melee 3 | . . . . . 3 . Projectile 142 | . 60 17 . 10 53 2 Critical Strikes 4 | . 2 1 . 1 . . Damage Taken 1897 | . 674 250 . 77 885 11 Core 1519 | . 493 201 . 67 750 8 Absorbed by Shields . | . . . . . . . Redirected to Core 1090 | . 419 163 . 30 470 8 Core Remaining (%) 71 | 100 . . . 83 32 . Volleys Fired 117 | . 39 36 . 4 38 . Largest 2 | . 2 2 . 2 2 . Hottest 60 | . 60 60 . 60 45 . Shots Fired 221 | . 78 59 . 8 76 . Gun 155 | . 12 59 . 8 76 . Cannon 66 | . 66 . . . . . Launcher . | . . . . . . . Special . | . . . . . . . Kinetic 194 | . 78 36 . 4 76 . Thermal 27 | . . 23 . 4 . . Explosive . | . . . . . . . Electromagnetic . | . . . . . . . Robot Hit Streak 18 | . 5 11 . 6 18 . Robot Miss Streak 4 | . 4 2 . 3 2 . Penetration Max . | . . . . . . . Secondary Targets 3 | . . . . 2 1 . Max Gunslinging Chain 1 | . . . . 1 1 . Shots Hit Robots 152 | . 37 44 . 4 67 . Core Hits 61 | . 12 17 . 4 28 . Critical Kills . | . . . . . . . Critical Parts Destroyed . | . . . . . . . Critical Strikes 1 | . . . . . 1 . Destroy 1 | . . . . . 1 . Melee Attacks . | . . . . . . . Impact . | . . . . . . . Slashing . | . . . . . . . Piercing . | . . . . . . . Sneak Attacks . | . . . . . . . Combat Hostiles . | . . . . . . . Follow-up Attacks . | . . . . . . . Damage Inflicted 1874 | . 593 526 . 47 708 . Guns 1281 | . . 526 . 47 708 . Cannons 593 | . 593 . . . . . Explosions . | . . . . . . . Melee . | . . . . . . . Ramming . | . . . . . . . Kinetic 1665 | . 593 338 . 26 708 . Thermal 209 | . . 188 . 21 . . Explosive . | . . . . . . . Electromagnetic . | . . . . . . . Impact . | . . . . . . . Slashing . | . . . . . . . Piercing . | . . . . . . . Highest Corruption 2 | . . . . . 2 . Average Corruption 2 | . . . . . 2 . Corruption Purged . | . . . . . . . Corruption Blocked . | . . . . . . . Effects 3 | . . . . . 3 . Matter Fused 1 | . . . . . 1 . Energy Discharges 2 | . . . . . 2 . Overload Shots . | . . . . . . . Overflow Damage 2 | . 2 . . . . . Projectiles 2 | . 2 . . . . . Explosions . | . . . . . . . Melee . | . . . . . . . Knockbacks 12 | . 12 . . . . . Impact . | . . . . . . . Kinetic 9 | . 9 . . . . . Secondary 3 | . 3 . . . . . Self-Inflicted Damage . | . . . . . . . Shots . | . . . . . . . Rammed 1 | . 1 . . . . . Targets Rammed 1 | . 1 . . . . . Kicked . | . . . . . . . Crushed . | . . . . . . . Highest Temperature 189 | . 189 12 . . 26 . Average Temperature 38 | . 57 7 . . 8 . Received Heat Transfer 714 | . 327 162 . . 225 . Siege Activations . | . . . . . . . Martial Activations . | . . . . . . . Shielding Activations . | . . . . . . . Robots Disrupted . | . . . . . . . Combat Hostiles . | . . . . . . . Robots Corrupted . | . . . . . . . Combat Hostiles . | . . . . . . . Parts Fried . | . . . . . . . Impact Corruptions . | . . . . . . . Robots Melted . | . . . . . . . Combat Hostiles . | . . . . . . . Parts Melted . | . . . . . . . Heat Transferred 475 | . . 425 . 50 . . Parts Sabotaged . | . . . . . . . Parts Stolen . | . . . . . . . Parts Stripped . | . . . . . . . Power Chain Reactions . | . . . . . . . Alert | -11 -10 -10 -10 -9 -8 -7 ------- Run | Yrd Mat Min Exi Min Mat Fac Maximum Alert Level 1 | . . . . . 1 . Low Security (%) 96 | 100 100 100 . 100 84 100 Level 1 3 | . . . . . 15 . Level 2 . | . . . . . . . Level 3 . | . . . . . . . Level 4 . | . . . . . . . Level 5 . | . . . . . . . High Security . | . . . . . . . Max Security . | . . . . . . . Peak Influence 234 | . 101 50 . 90 234 93 Initial 93 | . . . . . 31 93 Average 48 | . 18 13 . 72 145 75 Influence Increases 806 | . 223 100 . 90 393 . Destroy 0b10 Robot/C 480 | . 140 80 . 80 180 . Destroy 0b10 Robot/NC 15 | . 15 . . . . . Destroy Leader 122 | . 32 20 . 10 60 . Successful Hack 52 | . 20 . . . 32 . Disable Machine 15 | . 15 . . . . . Destroy Structure 2 | . 1 . . . 1 . Partial Spotted 75 | . . . . . 75 . Lose Combat Pursuer 45 | . . . . . 45 . Influence Decreases 753 | . 223 100 . 10 267 153 Entered New Map 162 | . . . . . 49 113 Time Decay 571 | . 223 100 . 10 198 40 Lost Part 20 | . . . . . 20 . Squads Dispatched 3 | . 1 . . . 2 . Investigation 1 | . . . . . 1 . Extermination . | . . . . . . . Reinforcement 2 | . 1 . . . 1 . Assault . | . . . . . . . Garrison . | . . . . . . . Intercept . | . . . . . . . Searches Triggered . | . . . . . . . Construction Impeded . | . . . . . . . Haulers Reinforced . | . . . . . . . Active Scanning Responses . | . . . . . . . Cargo Convoy Interrupts . | . . . . . . . Stealth | -11 -10 -10 -10 -9 -8 -7 --------- Run | Yrd Mat Min Exi Min Mat Fac Distress Signals 2 | . 2 . . . . . Communications Jammed . | . . . . . . . Distress Signals . | . . . . . . . Times Spotted 37 | . 14 4 . 3 15 1 Peak Tracking Total 6 | . 6 2 . 3 4 . Tactical Retreats 3 | . . . . . 3 . Traps | -11 -10 -10 -10 -9 -8 -7 ------- Run | Yrd Mat Min Exi Min Mat Fac Traps Triggered 4 | . 2 . . . 2 . Indirectly . | . . . . . . . Trap Hack Attempts . | . . . . . . . Triggered . | . . . . . . . Disarmed . | . . . . . . . Reprogrammed . | . . . . . . . Reused . | . . . . . . . Traps Extracted . | . . . . . . . Installed 3 | . . 3 . . . . Triggered . | . . . . . . . Machines | -11 -10 -10 -10 -9 -8 -7 ---------- Run | Yrd Mat Min Exi Min Mat Fac Machines Disabled 1 | . 1 . . . . . Max in Single Turn 1 | . 1 . . . . . Machines Repaired . | . . . . . . . Machines Dismantled . | . . . . . . . Machines Sabotaged . | . . . . . . . Overloaded Fab Kills . | . . . . . . . Hacking | -11 -10 -10 -10 -9 -8 -7 --------- Run | Yrd Mat Min Exi Min Mat Fac Machines Accessed 16 | . 8 . 1 . 5 2 Terminals 14 | . 7 . . . 5 2 Fabricators . | . . . . . . . Repair Stations 1 | . 1 . . . . . Recycling Units . | . . . . . . . Scanalyzers . | . . . . . . . Garrison Access . | . . . . . . . Total Hacks 31 | . 13 . 1 . 11 6 Successful 24 | . 9 . 1 . 10 4 Failed 7 | . 4 . . . 1 2 Catastrophic . | . . . . . . . Database Lockouts . | . . . . . . . Manual 27 | . 11 . 1 . 9 6 Terminals 27 | . 10 . . . 11 6 Fabricators . | . . . . . . . Repair Stations 3 | . 3 . . . . . Recycling Units . | . . . . . . . Scanalyzers . | . . . . . . . Garrison Access . | . . . . . . . Terminal Hacks 7 | . 1 . 1 . 3 2 Record 1 | . . . . . 1 . Part Schematic 1 | . . . . . 1 . Machine Index 1 | . . . . . 1 . Terminal Index 2 | . 1 . . . . 1 Fabricator Index 1 | . . . . . . 1 Proto ID Catalog 1 | . . . 1 . . . Fabricator Hacks . | . . . . . . . Repair Station Hacks 1 | . 1 . . . . . Refit 1 | . 1 . . . . . Recycling Unit Hacks . | . . . . . . . Scanalyzer . | . . . . . . . Garrison Access Hacks . | . . . . . . . Unauthorized Hacks 16 | . 7 . . . 7 2 Terminals 16 | . 7 . . . 7 2 Assimilate 1 | . . . . . 1 . Botnet 2 | . . . . . 1 1 Skim 13 | . 7 . . . 5 1 Fabricators . | . . . . . . . Repair Stations . | . . . . . . . Recycling Units . | . . . . . . . Scanalyzers . | . . . . . . . Garrison Access . | . . . . . . . Data Cores Recovered . | . . . . . . . Used . | . . . . . . . Hacking Detections 7 | . 3 . . . 3 1 Full Trace Events 1 | . 1 . . . . . Feedback Events . | . . . . . . . Feedback Blocked . | . . . . . . . Robot Schematics Acquired . | . . . . . . . Robots Built . | . . . . . . . Authchips . | . . . . . . . Time . | . . . . . . . Total Robot Build Rating . | . . . . . . . Part Schematics Acquired 1 | . . . . . 1 . Parts Built . | . . . . . . . Authchips . | . . . . . . . Time . | . . . . . . . Total Part Build Rating . | . . . . . . . Parts Repaired . | . . . . . . . Time . | . . . . . . . Parts Recycled . | . . . . . . . Recycled Matter . | . . . . . . . Retrieved Matter . | . . . . . . . Retrieved Components . | . . . . . . . Parts Scanalyzed . | . . . . . . . Part Schematics Acquired . | . . . . . . . Parts Damaged . | . . . . . . . Bothacking | -11 -10 -10 -10 -9 -8 -7 ------------ Run | Yrd Mat Min Exi Min Mat Fac Used RIF Installer . | . . . . . . . Robots Hacked . | . . . . . . . Non-combat . | . . . . . . . Combat . | . . . . . . . Robot Hacks Applied . | . . . . . . . Relay Couplers Released . | . . . . . . . Fabnet Peak Effective % . | . . . . . . . Robots Rewired . | . . . . . . . Allies Hacked . | . . . . . . . Hacks Repelled . | . . . . . . . Allies | -11 -10 -10 -10 -9 -8 -7 -------- Run | Yrd Mat Min Exi Min Mat Fac Total Allies 3 | . . 3 . . . . Largest Group 3 | . . 3 . . . . Highest-Rated Group 40 | . . 40 . . . . Highest-Rated Ally 16 | . . 16 . . . . Total Orders 1 | . . 1 . . . . STAY 1 | . . 1 . . . . Ally Attacks . | . . . . . . . Total Damage . | . . . . . . . Kills . | . . . . . . . Allies Corrupted . | . . . . . . . Allies Melted . | . . . . . . . Intel | -11 -10 -10 -10 -9 -8 -7 ------- Run | Yrd Mat Min Exi Min Mat Fac Active Infowar (turns) . | . . . . . . . Robot Analysis Total . | . . . . . . . Derelict Logs Recovered . | . . . . . . . Drone Launches . | . . . . . . . Drone Recoveries . | . . . . . . . Exploration | -11 -10 -10 -10 -9 -8 -7 ------------- Run | Yrd Mat Min Exi Min Mat Fac Turns Passed 1960 | 46 950 325 111 38 401 89 Spaces Moved 1637 | 51 371 384 220 48 397 166 Core 891 | 22 . 356 220 1 126 166 Treads . | . . . . . . . Legs . | . . . . . . . Wheels 428 | 29 371 28 . . . . Hover . | . . . . . . . Flight 318 | . . . . 47 271 . Fastest Speed 37 | 50 90 50 50 37 37 50 Average Speed 61 | 72 90 52 50 37 53 51 Slowest Speed 100 | 100 90 90 50 50 100 100 Overloaded Moves . | . . . . . . . Propulsion Burnouts . | . . . . . . . Robots Hopped 3 | . . . . 1 2 . Potential Cave-ins . | . . . . . . . Cave-ins Triggered . | . . . . . . . Exploration Rate (%) 39 | 3 59 89 62 10 44 6 Regions Visited 6 Branch Regions 3 Pre-discovered Areas 3 | . 2 . . . 1 . Known Exits Taken . | . . . . . . . Unknown Exits Taken 6 | 1 1 1 1 1 1 . Scrap Searched . | . . . . . . . Spaces Dug . | . . . . . . . Terrain Destroyed . | . . . . . . . Melee . | . . . . . . . Projectile . | . . . . . . . AOE . | . . . . . . . Terrain Rammed . | . . . . . . . Walls Destroyed . | . . . . . . . Machines Disabled . | . . . . . . . Actions | -11 -10 -10 -10 -9 -8 -7 --------- Run | Yrd Mat Min Exi Min Mat Fac Total 2378 | 57 908 447 220 57 520 169 Wait 542 | . 478 . . . 64 . Move 1625 | 50 370 383 219 45 392 166 Hop 3 | . . . . 1 2 . Pick Up 1 | . . . 1 . . . Fast Attach 18 | 6 5 1 . 4 . 2 Attach . | . . . . . . . Detach . | . . . . . . . Swap 2 | . . . . 1 1 . Drop 14 | 1 4 3 . 2 3 1 Fire 117 | . 39 36 . 4 38 . Melee . | . . . . . . . Ram 1 | . 1 . . . . . Kick . | . . . . . . . Crush . | . . . . . . . Escape Stasis . | . . . . . . . Rewire . | . . . . . . . Trap 3 | . . 3 . . . . Miscellaneous 52 | . 11 21 . . 20 . Route ------- -11/Scrapyard -10/Materials (discovered 4 exits: *Mat x3 / [*Min]) -10/Mines (discovered 2 exits: *Mat / *Exi) -10/Exiles (discovered 2 exits: [*Min x2]) -9/Mines -8/Materials -7/Factory History --------- Turn | Location | Event 6 | -11/Scrapyard | Upgraded with Propulsion slot (x1) 6 | -11/Scrapyard | Upgraded with Weapon slot (x1) 9 | -11/Scrapyard | Discovered new exit (range 16) 47 | -11/Scrapyard | Entered Materials 312 | -10/Materials | Discovered new exit (range 15) 388 | -10/Materials | Core integrity fell below 50% 400 | -10/Materials | Build established: Hacker-Mutant 432 | -10/Materials | Core integrity fell below 20% 549 | -10/Materials | Learned location of 2 exits from Subcaves 665 | -10/Materials | Learned location of Mines (-9) 710 | -10/Materials | Learned Storage security intel 743 | -10/Materials | Learned location of Storage (-7) 764 | -10/Materials | Loaded intel: 20 trap records 834 | -10/Materials | Identified exit to Materials 883 | -10/Materials | Learned 4 Recycling zone layouts 992 | -10/Materials | Discovered new exit (range 7) 997 | -10/Materials | Entered Mines 1008 | -10/Mines | Assembled infested the area 1013 | -10/Mines | Met a Derelict bent on vengeance 1031 | -10/Mines | Found a damaged Exp. Sensor Array with a note attached 1046 | -10/Mines | Reached level 2 1093 | -10/Mines | Found a hidden stash of uninstalled traps 1175 | -10/Mines | Discovered exit to Materials (range 8) 1178 | -10/Mines | Assisted by bots powering up and referring to "LRC-V3" 1266 | -10/Mines | Murdered 3 allies 1320 | -10/Mines | Discovered new exit (range 5) 1322 | -10/Mines | Entered Exiles 1329 | -10/Exiles | Discovered new exit (range 15) 1336 | -10/Exiles | Met 8R-AWN 1343 | -10/Exiles | Met EX-HEX 1357 | -10/Exiles | Met EX-BIN 1364 | -10/Exiles | Aligned with FarCom system 1365 | -10/Exiles | Given EX-Vault access code 1379 | -10/Exiles | Opened EX-Vault 1383 | -10/Exiles | Found Superbattery 1395 | -10/Exiles | Warned to stay clear of 0b10 Research branches 1409 | -10/Exiles | Met EX-DEC 1426 | -10/Exiles | Discovered new exit (range 14) 1433 | -10/Exiles | Left Exiles lab with Superbattery 1433 | -10/Exiles | Entered Mines 1439 | -9/Mines | Reached level 3 1468 | -9/Mines | Discovered new exit (range 7) 1471 | -9/Mines | Entered Materials 1473 | -8/Materials | Reached level 4 1558 | -8/Materials | Core integrity fell below 50% 1616 | -8/Materials | Discovered new exit (range 15) 1810 | -8/Materials | Reached level 5 1827 | -8/Materials | Learned location of Recycling (-7) 1872 | -8/Materials | Entered Factory 1873 | -7/Factory | Core integrity fell below 50% 1874 | -7/Factory | Reached level 6 1961 | -7/Factory | Self-destructed Last Messages --------------- Testing... Terminal linked with 0 systems. Awaiting botnet instructions. Connecting with Terminal... >>Index(Terminals) Found 18 terminals. Downloaded coordinate data. Connecting with Terminal... >>Trojan(Skim) Trojan loaded successfully. Testing... Terminal linked with 0 systems. Please expand to 4 more systems! Acquired Hacking Suite. K-01 Serf cleans the Nuclear Reactor. Acquired Arc Projector. Dropped Hpw. Shotgun. Upgraded: Mass Support (+5) Connecting with Terminal... K-01 Serf collects debris. Map ----- +----------------------------------------------------+ | ?????????????????????????????????? | | ?????????????????????????????????? | | ?????????????????????????????????? | | ?????????????????????????????????? | | ?????????????????????????????????? | | ?????????????????????????????????? | | ?????????????????????????????????? | | ?????????????????????????????????? | | ?????????????????????????????????? | | ?????????????????????????????????? | | ????????? Y ?????????????????????? | | ????????? ????????????????????? | | ????????? ????????????????????? | | ????????? ????????????????????? | | ????????# #????????????????????? | | ????????# #????????????????????? | | ????????# #????????????????????? | | ????????# #????????????????????? | | ????????# #????????????????????? | | ????????# #????????????????????? | | ????????# #????????????????????? | | ????????# #????????????????????? | | ????????# #????????????????????? | | ????????# #????????????????????? | | ????????# #????????????????????? | | ????????#@ #????????????????????? | | ????????+ +????????????????????? | | ????????# #????????????????????? | | ????????# #????????????????????? | | ????????# #########????????????? | | ????????# # #???????????? | | ????????# #* "#???????????? | | ????????# # ""#???????????? | | ????????# # """" ""#???????????? | | ????????# # """" ""#???????????? | | ######??# # """" ""#???????????? | | # ??# # """" T"#???????????? | | # "?# # """" ""#???????????? | | # "?# u# """" ""#???????????? | | # " # # ""#???????????? | | # " # # """" ""#???????????? | | # " + # """" "#???????????? | | #[[! " # # """" #???????????? | | #[!! " # # """" #???????????? | | #[!= "?# # """" #???????????? | | # "?# # """" #???????????? | | #] ??# + #???????????? | | ######??# # #???????????? | | ????????# ##############???????? | | ?????#### ?????? | +----------------------------------------------------+ Best States ------------- Heat Dissipation 25 Energy Generation 10 Energy Capacity 250 Matter Stores 300 Matter Capacity 300 Sight Range 16 Terrain Scan Density 10 Armor Coverage 80 Evasion (%) 62 Offensive Hacking 50 Defensive Hacking 5 Item Schematics ----------------- Hacking Suite | -8/Materials | Hacked Robot Schematics ------------------ None Fabricated ------------ Nothing Repaired ---------- Nothing Alien Tech Used ----------------- None Achievements -------------- None Challenges ------------ None RPGLIKE | -11 -10 -10 -10 -9 -8 -7 --------- Run | Yrd Mat Min Exi Min Mat Fac Levels Raised 5 | . . 1 . 1 2 1 XP Earned 10635 | 3000 975 1000 350 950 2860 1500 XP Spent 8750 | 1000 2000 . 250 . 5400 100 Upgrades 13 | 2 4 . 1 . 5 1 Propulsion Slot 1 | 1 . . . . . . Weapon Slot 1 | 1 . . . . . . Mass Support 1 | . . . . . . 1 Inventory Capacity 1 | . . . 1 . . . Hack Attack % 8 | . 4 . . . 4 . Hack Defense % 1 | . . . . . 1 . Protomatter Created 404 | . 65 155 . . 184 . Integrity Restored 1104 | . 195 465 . . 444 . Core 1104 | . 195 465 . . 444 . Protomatter Decayed 130 | . . 128 . . 2 . Game ------ Seed TachyonCloakingProcessor Manual? 0 Play Time 00:16:25 Cumulative 205.8 hours Start 2025.05.26 @ 17:21:35 End 2025.05.26 @ 17:38:14 Sessions 1 Manual Loads 0 Difficulty Rogue Special Mode Winter2019/RPGLIKE Game No. 206 Rogue 22 Adventurer 173 Explorer 11 Win Type - Total 54 Types 14/1/15/2/12/0/4/1/0/5 Lore% 48 Gallery% 49 Achievement% 67 Wizard Run 0 Options --------- Layout 0 ASCII 0 Keyboard 0 Movement Numpad Keybinds 0 Fullscreen 2 Font 12/Smallcaps Map View 83x54 Zoom Use 0% Tactical HUD 0 Map Filters NONE Filters NONE Steam 1 RUN: ed0cdb80-d71f-4976-aee2-5c18c64b71e4